 Dungeon Crawl Stone Soup version 0.23-a0-484-g29ba69c (webtiles) character file.

255 MisterFreud the Skirmisher (level 6, -1/60 HPs)
             Began as a Hill Orc Artificer on Nov 30, 2018.
             Slain by Grinder (7 damage)
             ... while paralysed by Grinder
             ... on level 3 of the Dungeon.
             The game lasted 00:03:47 (2177 turns).

MisterFreud the Skirmisher (Hill Orc Artificer)     Turns: 2177, Time: 00:03:48

Health: -1/60      AC:  3    Str: 17    XL:     6   Next: 15%
Magic:  8/8        EV:  2    Int: 11    God:
Gold:   116        SH:  0    Dex: 11    Spells: 5/5 levels left

rFire    . . .     SeeInvis .   j - +3 short sword
rCold    . . .     Gourm    .   (no shield)
rNeg     . . .     Faith    .   b - +0 leather armour
rPois    .         Spirit   .   (no helmet)
rElec    .         Reflect  .   (no cloak)
rCorr    .         Harm     .   (no gloves)
MR       .....                  (no boots)
Stlth    ++........             (no amulet)
HPRegen  0.20/turn              u - ring of stealth
MPRegen  0.11/turn              (no ring)

@: paralysed
A: no striking features
a: no special abilities


You were on level 3 of the Dungeon.
You were not hungry.

You visited 1 branch of the dungeon, and saw 3 of its levels.

You collected 116 gold pieces.

Inventory:

Hand Weapons
 a - a +0 short sword
 j - a +3 short sword (weapon)
Missiles
 k - 5 tomahawks (quivered)
 m - 35 poisoned needles
 p - 23 arrows
 s - 17 bolts
 t - 4 stones
Armour
 b - a +0 leather armour (worn)
Jewellery
 u - a ring of stealth (left hand)
Wands
 c - a wand of flame (15)
 d - a wand of enslavement (15)
 e - a wand of random effects (15)
Scrolls
 h - a scroll of enchant weapon {unknown}
 i - a scroll of noise {unknown}
 l - 2 scrolls of amnesia
 n - a scroll of immolation {unknown}
 q - a scroll of fog {unknown}
 r - a scroll of remove curse {unknown}
 w - a scroll of identify {unknown}
Comestibles
 f - 3 rations
 g - 2 chunks of flesh


   Skills:
 + Level 7.2 Fighting
 - Level 1.0 Short Blades
 - Level 1.5 Dodging
 - Level 0.7 Stealth
 - Level 3.0 Evocations


You had 5 spell levels left.
You didn't know any spells.
Your spell library was empty.

Dungeon Overview and Level Annotations

Branches:
Dungeon (3/15)

Altars:
Nemelex Xobeh
Sif Muna
Wu Jian

Annotations:
D:3 3 transporters, Grinder; Lavandula's ghost, amateur NaAE


Message History

Grinder is moderately wounded.
Grinder closely misses you.
It was a potion of cancellation.
You feel magically purged. Grinder gestures at you.
You resist with significant effort.
It was a potion of magic.
Magic courses through your body. Grinder hits you.
* * * LOW HITPOINT WARNING * * *
You writhe in agony.
* * * LOW HITPOINT WARNING * * *
You puncture Grinder!
Grinder is heavily wounded.
Grinder gestures at you.
You suddenly lose the ability to move!
Grinder hits you but does no damage. Grinder hits you!
* * * LOW HITPOINT WARNING * * *
You writhe in agony.
* * * LOW HITPOINT WARNING * * *
Grinder hits you!
You die...

)...#..###
#5#.#..#8#.
#...#....?.
#..©#.....©
##..#...... #
##.#..#8# ..##
#####.#..###
.5#..#.....#......
=5#©...@5..#W.....
#W#........#######
#5##.#............
# #.###.....#....
# #.....#....
#.....# #..
#.....# #.....#
#.....#


You could see Grinder, a phantom, 3 quasits and Lavandula's ghost.

Vanquished Creatures
  Sigmund (D:2)
  3 adders (D:2)
  3 worms (D:2)
  2 dart slugs (D:1)
  4 leopard geckos
  5 bats
  2 giant cockroaches
  12 goblins
  7 hobgoblins
  2 kobolds
  2 quokkas (D:2)
  5 frilled lizards (D:1)
  6 rats
54 creatures vanquished.

Notes
Turn   | Place    | Note
-------+----------+-------------------------------------------
     0 | D:1      | MisterFreud the Hill Orc Artificer began the quest for the
                  | Orb.
     0 | D:1      | Reached XP level 1. HP: 16/16 MP: 3/3
    34 | D:1      | Reached skill level 2 in Fighting
   237 | D:1      | Reached XP level 2. HP: 24/25 MP: 4/4
   470 | D:1      | You fall through a shaft!
   481 | D:2      | Reached skill level 3 in Fighting
   486 | D:2      | Noticed Sigmund
   500 | D:3      | Found a transporter.
   500 | D:3      | Found a transporter.
   500 | D:3      | Noticed Lavandula's ghost (amateur NaAE)
   505 | D:3      | Found a transporter.
   510 | D:3      | Noticed a phantom
   513 | D:3      | Noticed Grinder
   552 | D:2      | Killed Sigmund
   552 | D:2      | Reached skill level 6 in Fighting
   552 | D:2      | Reached XP level 3. HP: 15/38 MP: 5/5
   552 | D:2      | Reached XP level 4. HP: 18/45 MP: 6/6
   552 | D:2      | Reached XP level 5. HP: 21/51 MP: 7/7
   855 | D:2      | Found a sparkling altar of Nemelex Xobeh.
   856 | D:2      | Found an ornate altar of the Wu Jian Council.
   858 | D:2      | Found a deep blue altar of Sif Muna.
  1669 | D:1      | Reached XP level 6. HP: 58/58 MP: 8/8
  1929 | D:2      | Reached skill level 7 in Fighting
  2174 | D:3      | Paralysed by Grinder for 4 turns
  2177 | D:3      | Slain by Grinder

Vault maps used:
D:1:      wander_arrival_desolate
D:2:      gammafunk_temple_overflow_forgotten, uniq_sigmund
D:3:      gammafunk_temple_of_torment, minitemple, first_ration,
          gammafunk_ghost_stat_death, uniq_grinder

Skill      XL: |  1  2  3  4  5  6 |
---------------+-------------------+-----
Fighting       | 2 6 7 |  7.2
Short Blades   | |  1.0
Dodging        | |  1.5
Stealth        | |  0.7
Evocations     | |  3.0

Action                   |  1- 3 |  4- 6 || total
-------------------------+-------+-------++-------
Melee: Short sword       |    74 |   119 ||   193
  Use: Potion            |     2 |     2 ||     4
       Scroll            |       |     1 ||     1
 Stab: Sleeping          |       |     4 ||     4
  Eat: Chunk             |       |     4 ||     4
Armor: Leather armour    |    11 |    26 ||    37
Dodge: Dodged            |    39 |    58 ||    97

Table legend:
 A = Non-vault XP
 B = Vault XP
 C = Vault XP percentage of total XP
 D = Non-vault monster count
 E = Vault monster count
 F = Vault count percentage of total count
                 A         B        C        D         E       F
            +---------+---------+-------+---------+---------+-------
      Total |     142 |     223 |  61.1 |      53 |       1 |   1.9
            +---------+---------+-------+---------+---------+-------
        D:1 |      49 |       0 |   0.0 |      26 |       0 |   0.0
        D:2 |      92 |     223 |  70.8 |      26 |       1 |   3.7
        D:3 |       1 |       0 |   0.0 |       1 |       0 |   0.0
            +---------+---------+-------+---------+---------+-------
